 Dungeon Crawl Stone Soup version 0.22-a0-75-g1fede22 (webtiles) character file.

325 shenanigans the Skirmisher (level 6, 0/50 HPs)
             Began as a Barachi Monk on Jan 12, 2018.
             Was a Priest of Cheibriados.
             Slain by an ogre
             ... wielding a cursed -3 giant spiked club
              (19 damage)
             ... on level 4 of the Dungeon.
             The game lasted 00:08:15 (4343 turns).

shenanigans the Skirmisher (Barachi Monk)           Turns: 4343, Time: 00:08:16

Health: 0/50       AC:  3    Str: 20    XL:     6   Next: 48%
Magic:  0/7        EV: 10    Int: 19    God:    Cheibriados [***...]
Gold:   225        SH: 13    Dex: 21    Spells: 5/5 levels left

rFire    . . .     SeeInvis .   l - +1 whip (elec)
rCold    . . .     Gourm    .   y - +0 large shield
rNeg     . . .     Faith    .   b - +0 robe
rPois    .         Spirit   +   A - +0 helmet
rElec    .         Reflect  .   (no cloak)
rCorr    .         Harm     .   (no gloves)
MR       .....                  (no boots)
Stlth    ++........             j - amulet of guardian spirit
HPRegen  0.16/turn              r - ring of flight
MPRegen  0.10/turn              (no ring)

@: drained, very slow
A: +LOS, swims, slowness 1, strong legs 1
a: Hop, Bend Time, Temporal Distortion, Renounce Religion, Evoke Flight


You were on level 4 of the Dungeon.
You worshipped Cheibriados.
Cheibriados was most pleased with you.
You were not hungry.

You visited 1 branch of the dungeon, and saw 4 of its levels.
You also visited: Sewer.

You collected 225 gold pieces.

Inventory:

Hand Weapons
 a - a +0 hand axe
 l - a +1 whip of electrocution (weapon)
Missiles
 s - 3 tomahawks (quivered)
Armour
 b - a +0 robe (worn)
 y - a +0 large shield (worn)
 A - a +0 helmet (worn)
Jewellery
 e - an uncursed amulet of harm
 j - an amulet of guardian spirit (around neck)
 r - a ring of flight (left hand)
 B - a cursed amulet of inaccuracy {unknown}
Wands
 q - a wand of polymorph (13)
Scrolls
 f - 2 scrolls of enchant weapon {unknown}
 g - 3 scrolls of teleportation
 o - a scroll of noise {unknown}
 t - a scroll of fog {unknown}
 v - 3 scrolls of fear {unknown}
 D - a scroll of identify
Potions
 d - 2 potions of resistance {unknown}
 h - a potion of magic {unknown}
 i - a potion of cancellation {unknown}
 k - 2 potions of brilliance {unknown}
 m - a potion of degeneration {unknown}
 n - 4 potions of mutation
 p - a potion of lignification {unknown}
 u - a potion of heal wounds {unknown}
 w - a potion of curing
 x - 2 potions of flight
 z - 3 potions of agility {unknown}
Comestibles
 c - 3 rations
 C - 3 chunks of flesh


   Skills:
 + Level 4.8 Fighting
 + Level 4.5(4.4) Axes
 + Level 3.0(2.9) Armour
 + Level 4.5(4.4) Dodging
 - Level 1.7 Stealth
 * Level 1.2(1.1) Shields
 * Level 2.1 Invocations


You had 5 spell levels left.
You didn't know any spells.

Dungeon Overview and Level Annotations

Branches:
Dungeon (4/15)
 Temple: D:4-7

Altars:
Cheibriados
Fedhas
Gozag
Trog


Innate Abilities, Weirdness & Mutations

Shadows flee at your approach. (+LOS)
You can swim through water.
You cover ground slowly.
You can hop short distances.


Message History

You see here a flail.
You hear the quick hiss of a distant avalanche of sand.
Eating one of 4 chunks of flesh.
You eat one of the 4 chunks of flesh.
This raw flesh tastes terrible.
You see here a flail.
Found a stone staircase leading down.
An ogre comes into view. It is wielding a giant spiked club.
Found 7 gold pieces.
The ogre shouts!
You block the ogre's attack.
The ogre hits you with a giant spiked club!
You hit the ogre.
The ogre is moderately wounded.
You hit the ogre. Lightning courses through the ogre!
The ogre is severely wounded.
The ogre hits you with a giant spiked club!
You barely miss the ogre.
The ogre is severely wounded.
The ogre hits you with a giant spiked club!!
You die...

######### #.......#
# ##.......#.#
##### ..........
....#
#.#####..>....#
..... #.....O@.# ..
.##.# ########.#.#
..#.# #..........#
..#.# #
#.#####.###....#
#.#.# .#
#.#............#
#.#.##.#
#.##.##.##.....#
#.#....# #.##.#...#
....#
#....###.#..).....#
+###
#........#.##.....#


You could see an ogre.

Vanquished Creatures
  Purgy (Sewer)
  A scorpion (D:4)
  An orc priest (D:4)
  A worker ant (D:4)
  3 adders
  A howler monkey skeleton (D:2)
  A river rat (D:3)
  An ooze (D:2)
  2 dart slugs
  2 leopard geckos (D:3)
  2 orcs (D:4)
  A ball python (Sewer)
  9 bats
  7 giant cockroaches
  4 goblins
  11 hobgoblins
  3 jackals (D:2)
  10 kobolds
  A quokka (D:2)
  12 frilled lizards
  5 rats
79 creatures vanquished.

Notes
Turn   | Place    | Note
-------+----------+-------------------------------------------
     0 | D:1      | shenanigans the Barachi Monk began the quest for the Orb.
     0 | D:1      | Reached XP level 1. HP: 18/18 MP: 1/1
   124 | D:1      | Reached XP level 2. HP: 20/25 MP: 2/2
   271 | D:1      | You fall through a shaft!
   469 | D:1      | Reached skill level 1 in Armour
  1334 | D:2      | Found a bloodstained altar of Trog.
  1449 | D:2      | Reached XP level 3. HP: 23/30 MP: 3/3
  1763 | D:2      | Reached XP level 4. HP: 17/37 MP: 4/4
  2169 | D:2      | Found a snail-covered altar of Cheibriados.
  2342 | D:2      | Became a worshipper of Cheibriados the Contemplative
  2342 | D:2      | Reached * piety under Cheibriados
  2342 | D:2      | Reached ** piety under Cheibriados
  2650 | D:3      | Found an opulent altar of Gozag.
  2816 | D:3      | Found a glowing drain.
  2821 | Sewer    | Entered a sewer
  2867 | Sewer    | Noticed Purgy
  3090 | Sewer    | Killed Purgy
  3090 | Sewer    | Reached skill level 1 in Invocations
  3090 | Sewer    | Reached XP level 5. HP: 26/43 MP: 2/6
  3536 | D:3      | Reached *** piety under Cheibriados
  4152 | D:4      | Found a blossoming altar of Fedhas.
  4228 | D:4      | Reached XP level 6. HP: 18/49 MP: 1/7
  4277 | D:4      | Reached skill level 1 in Shields
  4343 | D:4      | Slain by an ogre

Vault maps used:
D:1:      dpeg_arrival_tiny_a, grunt_decor_cap, item_on_display_b
D:2:      nicolae_overflow_crystal_walls, st_stairs_12, cheibriados_altar_1
D:3:      nicolae_gozag_seed_capital, gup_sewer_entry_bowl
D:4:      fedhas_altar_4, nicolae_ossuary_entry_plus
Sewer:    sewer_co_purgy_island

Skill      XL: |  1  2  3  4  5  6 |
---------------+-------------------+-----
Armour         | 1 2 3 |  3.0
Fighting       | 4 |  4.8
Dodging        | 4 |  4.5
Axes           | 4 |  4.5
Invocations    | 1 2 |  2.1
Shields        | 1 |  1.2
Stealth        | |  1.7

Action                   |  1- 3 |  4- 6 || total
-------------------------+-------+-------++-------
Melee: Hand axe          |    21 |       ||    21
       Whip              |    76 |   119 ||   195
Throw: Tomahawk          |       |     2 ||     2
 Abil: Hop               |       |     1 ||     1
  Use: Scroll            |       |     4 ||     4
       Potion            |       |     1 ||     1
 Stab: Sleeping          |     1 |     4 ||     5
  Eat: Ration            |     1 |       ||     1
       Chunk             |       |     6 ||     6
Armor: Robe              |    25 |    14 ||    39
Dodge: Dodged            |   107 |    92 ||   199
Block: Large shield      |       |    32 ||    32

Table legend:
 A = Spawn XP
 B = Non-spawn XP
 C = Spawn XP percentage of total XP
 D = Spawn monster count
 E = Non-spawn monster count
 F = Spawn count percentage of total count
 G = Total turns spent on level
                    A         B        C        D         E        F      G
               +---------+---------+-------+---------+---------+-------+---------
         Total |       0 |     465 |   0.0 |       0 |      79 |   0.0 |  4343
               +---------+---------+-------+---------+---------+-------+---------
           D:1 |       0 |      26 |   0.0 |       0 |      16 |   0.0 |  1294
           D:2 |       0 |      78 |   0.0 |       0 |      22 |   0.0 |  1299
           D:3 |       0 |      68 |   0.0 |       0 |      27 |   0.0 |   825
           D:4 |       0 |     152 |   0.0 |       0 |       5 |   0.0 |   344
         Sewer |       0 |     141 |   0.0 |       0 |       9 |   0.0 |   581
               +---------+---------+-------+---------+---------+-------+---------
